 Seeded DCSS version 0.28.0 (webtiles) character file.

Game seed: 12455045527757981411 (custom seed)

3104 Illumine the Basher (level 10, -13/81 HPs)
             Began as a Formicid Fighter on Apr 10, 2022.
             Was an Initiate of Gozag.
             Mangled by a manticore (17 damage)
             ... on level 8 of the Dungeon.
             The game lasted 00:12:14 (9804 turns).

Illumine the Basher (Formicid Fighter)              Turns: 9804, Time: 00:12:15

Health: -13/81     AC: 11    Str: 24    XL:     10   Next: 13%
Magic:  10/10      EV:  7    Int:  9    God:    Gozag
Gold:   575        SH:  9    Dex: 10    Spells: 9/9 levels left

rFire   + . .      SeeInvis +   c - +4 mace of the Saviour {vorpal, Will+}
rCold   + . .      Faith    .   l - +0 kite shield
rNeg    . . .      Spirit   .   v - +0 chain mail
rPois   +          Reflect  .   (helmet unavailable)
rElec   +          Harm     .   s - +0 cloak
rCorr   +          Rampage  .   (no gloves)
Will    ++...                   (no boots)
Stlth   ..........              (no amulet)
HPRegen 0.23/turn               (no ring)
MPRegen 0.12/turn               (no ring)

@: mighty, resistant, spiked, invisible
A: permanent stasis, dig shafts and tunnels, antennae 3, four strong arms
a: Dig, Shaft Self, Renounce Religion, Potion Petition, Call Merchant, Bribe
Branch


You were on level 8 of the Dungeon.
You worshipped Gozag.
Gozag was pleased with you.
You visited 2 branches of the dungeon, and saw 9 of its levels.
You also visited: Ossuary.

You collected 1327 gold pieces.
You spent 126 gold pieces at shops.
You paid 626 gold pieces to Gozag.

Inventory:

Hand Weapons
 c - the +4 mace of the Saviour (weapon) {vorpal, Will+}
   (You found it on level 7 of the Dungeon)

   It inflicts extra damage upon your enemies.
   Will:      It increases your willpower.
 m - a +1 dagger of venom
 t - a +3 flail
 z - a +1 war axe of flaming
 D - a +1 hand axe of venom
 E - a +0 hand crossbow
Missiles
 p - 73 bolts
 y - 10 poisoned darts
 B - a throwing net
Armour
 l - a +0 kite shield (worn)
 s - a +0 cloak (worn)
 v - a +0 chain mail (worn)
Jewellery
 a - a ring of fire
Wands
 b - a wand of paralysis (9)
 i - a wand of iceblast (8)
 G - a wand of acid (14)
Scrolls
 k - a scroll of noise {unknown}
 r - a scroll of fear {unknown}
 u - a scroll of enchant weapon {unknown}
 w - a scroll of holy word {unknown}
 x - a scroll of fog {unknown}
 C - a scroll of torment {unknown}
 F - a scroll of summoning
Potions
 d - 2 potions of might
 e - 2 potions of flight
 f - a potion of resistance {unknown}
 g - 2 potions of haste
 h - 4 potions of invisibility
 j - 5 potions of lignification
 n - 2 potions of heal wounds {unknown}
 o - a potion of mutation {unknown}
 q - a potion of attraction {unknown}
 A - a potion of magic {unknown}
 H - a potion of curing {unknown}


   Skills:
 + Level 8.3 Fighting
 * Level 9.6 Maces & Flails
 + Level 5.0 Armour
 + Level 6.7 Shields
 + Level 3.6 Evocations


You had 9 spell levels left.
You didn't know any spells.
Your spell library contained the following spells:

 Spells                   Type           Power      Damage    Failure   Level
 Ensorcelled Hibernation  Hex/Ice        0%         N/A       100%        2
 Dazzling Flash           Conj/Hex       0%         N/A       100%        3
 Gell's Gravitas          Tloc           0%         N/A       100%        3
 Spider Form              Tmut/Pois      0%         N/A       100%        3
 Teleport Other           Tloc           0%         N/A       100%        3
 Anguish                  Hex/Necr       0%         N/A       100%        4
 Iskenderun's Mystic Bla  Conj/Tloc      0%         2d3       100%        4
 Dispersal                Tloc           0%         N/A       100%        6
 Starburst                Conj/Fire      0%         6d3       100%        6


Dungeon Overview and Level Annotations

Branches:
Dungeon (8/15)             Temple (1/1) D:4         Ossuary (visited)
   Lair: D:8-11

Altars:
Ashenzari
Cheibriados
Dithmenos
Elyvilon
Gozag
Kikubaaqudgha
Makhleb
Nemelex Xobeh
Okawaru
Qazlal
Ru
Sif Muna
Trog
Wu Jian
Xom
Yredelemnul
Zin
The Shining One

Shops:
D:2 *


Innate Abilities, Weirdness & Mutations

You cannot be hasted, slowed, berserked, paralysed or teleported.
You can dig through walls and to a lower floor.
You have a pair of large antennae on your head. (SInv)
Your four strong arms can wield two-handed weapons with a shield.


Message History

The volley of spikes hits you.
The barbed spikes become lodged in your body.
You block the manticore's attack. The manticore closely misses you.
The manticore claws you.
You bludgeon the manticore!!
The manticore is heavily wounded.
The manticore bites you. You block the manticore's attack.
The manticore claws you.
You hit the manticore.
The manticore is heavily wounded.
The manticore bites you!
* * * LOW HITPOINT WARNING * * *
You block the manticore's attack. The manticore closely misses you.
You hit the manticore.
The manticore is severely wounded.
You block the manticore's attack.
The manticore claws you but does no damage.
The manticore barely misses you.
You closely miss the manticore.
The manticore is severely wounded.
You block the manticore's attack.
The manticore claws you but does no damage.
You block the manticore's attack.
You thump the manticore!
The manticore is almost dead.
You block the manticore's attack.
The manticore claws you but does no damage.
You block the manticore's attack.
You barely miss the manticore.
The manticore is almost dead.
The manticore bites you!
* * * LOW HITPOINT WARNING * * *
The manticore claws you but does no damage.
The manticore claws you.
* * * LOW HITPOINT WARNING * * *
You thump the manticore!
The manticore is almost dead.
The manticore bites you!
You die...
Your body crumbles into a pile of gold.

####...# #...♣≈...#
.......######.♣S...###
.#####..................
#.
....P.....######.#..#####
H##.##≈≈♣..........#.##
{....P≈≈≈P.#########.#
{{...≈.≈#.# #.#
##{.#####.# #.# ... #@#
#.#
#.#.#.#####H#########.#
#....H...............#
######################


You could see a manticore.

Vanquished Creatures
  A wizard (D:7)
  Sigmund (D:2)
  Eustachio (D:6)
  Edmund (D:6)
  A water moccasin (D:6)
  3 necrophages
  A black bear (D:5)
  An ice beast (D:4)
  3 ogres
  2 phantoms
  2 bullfrogs
  3 scorpions
  A wyvern skeleton (D:6)
  A crimson imp (D:4)
  3 centaur zombies
  A hound (D:6)
  3 human zombies (Ossuary)
  A jelly (D:5)
  Crazy Yiuf (D:3)
  A centaur skeleton (D:5)
  A bullfrog skeleton (D:6)
  2 iguanas
  A scorpion zombie (D:5)
  Ijyb (D:3)
  Natasha (thrice) (D:2)
  An orc wizard (D:5)
  A killer bee zombie (D:7)
  A hound skeleton (D:5)
  2 mummies (Ossuary)
  A howler monkey zombie (D:7)
  8 gnolls
  A howler monkey skeleton (D:4)
  9 adders
  2 white imps
  An adder skeleton (D:4)
  2 dart slugs
  15 orcs
  5 bats
  8 endoplasms
  3 giant cockroaches
  13 hobgoblins
  A jackal (D:3)
  7 kobolds
  3 quokkas
  9 ball pythons
  6 frilled lizards
  6 gnoll zombies (Ossuary)
  9 goblins
  A goblin zombie (Ossuary)
  2 hobgoblin zombies (Ossuary)
  2 orc zombies (Ossuary)
  4 rats
163 creatures vanquished.

Vanquished Creatures (others)
  4 plants
4 creatures vanquished.

Grand Total: 167 creatures vanquished

Notes
Turn   | Place    | Note
-------+----------+-------------------------------------------
     0 | D:1      | Illumine the Formicid Fighter began the quest for the Orb.
     0 | D:1      | Reached XP level 1. HP: 18/18 MP: 1/1
   225 | D:1      | Found a faded altar of an unknown god.
   313 | D:1      | Reached XP level 2. HP: 24/24 MP: 2/2
   995 | D:1      | Reached XP level 3. HP: 29/29 MP: 3/3
  1586 | D:2      | Found Nuelawn's Assorted Antiques.
  1683 | D:2      | Reached skill level 3 in Maces & Flails
  1774 | D:2      | Noticed Sigmund
  2203 | D:2      | Reached XP level 4. HP: 24/37 MP: 4/4
  2319 | D:2      | Noticed Natasha
  2327 | D:2      | Killed Natasha
  2350 | D:2      | Killed Sigmund
  2351 | D:2      | Reached skill level 5 in Maces & Flails
  2351 | D:2      | Reached XP level 5. HP: 31/43 MP: 5/5
  2351 | D:2      | Reached XP level 6. HP: 36/50 MP: 6/6
  2641 | D:2      | Noticed Natasha
  2653 | D:2      | Killed Natasha
  2754 | D:2      | Reached skill level 5 in Fighting
  2833 | D:2      | Noticed Natasha
  2842 | D:2      | Killed Natasha
  3077 | D:3      | Found a runed translucent door.
  3078 | D:3      | Noticed Crazy Yiuf
  3089 | D:3      | Killed Crazy Yiuf
  3193 | D:3      | Reached XP level 7. HP: 56/56 MP: 7/7
  3767 | D:4      | Noticed Ijyb
  3779 | D:3      | Killed Ijyb
  3914 | D:4      | Reached skill level 6 in Maces & Flails
  4052 | D:4      | Found a staircase to the Ecumenical Temple.
  4155 | Temple   | Entered the Ecumenical Temple
  4267 | Temple   | Became a worshipper of Gozag Ym Sagoz the Greedy
  5230 | D:4      | Reached skill level 7 in Maces & Flails
  5230 | D:4      | Reached XP level 8. HP: 64/64 MP: 8/8
  5907 | D:5      | Entered Level 5 of the Dungeon
  5961 | D:5      | Found a sand-covered staircase.
  5965 | Ossuary  | Entered an ossuary
  6216 | D:5      | Reached skill level 8 in Maces & Flails
  6540 | D:2      | Bought a sapphire ring for 90 gold pieces
  6540 | D:2      | Bought a scroll of identify for 36 gold pieces
  6846 | D:5      | Reached XP level 9. HP: 72/72 MP: 9/9
  6944 | D:6      | Reached skill level 5 in Shields
  7425 | D:6      | Reached skill level 1 in Evocations
  7507 | D:6      | Noticed Edmund
  7518 | D:6      | Killed Edmund
  7931 | D:6      | Reached skill level 9 in Maces & Flails
  8174 | D:6      | Noticed Eustachio
  8224 | D:6      | Killed Eustachio
  8849 | D:7      | Identified the +4 mace of the Saviour {vorpal, Will+}
  8881 | D:7      | Found a basalt altar of Yredelemnul.
  8883 | D:7      | Found a shadowy altar of Dithmenos.
  8904 | D:7      | Noticed a wizard
  8931 | D:7      | Killed a wizard
  8932 | D:7      | Reached XP level 10. HP: 77/80 MP: 10/10
  8954 | D:6      | Noticed a rust devil
  8954 | D:6      | Noticed a rust devil
  9001 | D:7      | HP: 1/80 [electric eel/bolt of electricity (11)]
  9351 | D:7      | Noticed a +0 short sword
  9351 | D:7      | Noticed a +0 short sword
  9351 | D:7      | Noticed a +0 dagger
  9352 | D:7      | Noticed a +0 spear
  9352 | D:7      | Noticed a +0 spear
  9352 | D:7      | Noticed a +0 dagger
  9352 | D:7      | Noticed a +0 falchion
  9353 | D:7      | Noticed a +0 falchion
  9358 | D:7      | Found an ornate altar of the Wu Jian Council.
  9485 | D:7      | Reached skill level 5 in Armour
  9769 | D:8      | Noticed a manticore
  9803 | D:8      | HP: 4/81 [manticore (1)]
  9804 | D:8      | Mangled by a manticore

Illustrated notes

Levels and vault maps discovered:
D:1:      heliophobic_arrival_enchanted_forest, layout_loops_corners,
          nicolae_ecumenical_lake_church, minmay_misc_feat_room
D:2:      layout_loops_ring, serial_shops, nicolae_shop_advertising_works
          [nicolae_subvault_shop_adworks], uniq_natasha, uniq_sigmund
D:3:      layout_rooms, hangedman_abyss_or_decor_stabs, chequers_arboretum,
          minmay_fractal_squares_diagonal_5, uniq_crazy_yiuf_cottage
D:4:      layout_cave_pods, lemuel_temple_firewalk_b, serial_column_ruins,
          column_ruins_square_large, column_ruins_hut_pillars,
          column_ruins_grid_1, column_ruins_open_small, column_ruins_grid_1,
          minmay_fire_ice_demons, uniq_ijyb
D:5:      layout_loops_cross, enter_ossuary_5, serial_bayou_pond_d
D:6:      cheibrodos_iron_armory, layout_layer_cave, uniq_eustachio, uniq_edmund
D:7:      cheibrodos_wizards_tower, layout_gridville, nicolae_uskayaw_en_pointe,
          nicolae_hepliaklqana_monster_ancestors, amcnicky_altar_gilded,
          mainiacjoe_overflow_catwalk_spiral, serial_undead, serial_undead_d,
          serial_undead_c, serial_undead_e, serial_undead_f, serial_undead_f,
          serial_undead_d, due_unseen_surprise, uniq_duvessa
D:8:      layout_loops_ring, serial_bayou, serial_bayou_lagoon_a,
          serial_bayou_lake_a, serial_bayou_ford_a, serial_bayou_pond_d,
          roderic_lattice_a
Temple:   regret_index_temple_waves

Skill      XL: |  1  2  3  4  5  6  7  8  9 10 |
---------------+-------------------------------+-----
Shields        | 4 6 |  6.7
Maces & Flails | 3 5 7 8 9 |  9.6
Fighting       | 4 5 6 7 8 |  8.3
Evocations     | 3 |  3.6
Armour         | 4 5 |  5.0

Action                   |  1- 3 |  4- 6 |  7- 9 | 10-12 || total
-------------------------+-------+-------+-------+-------++-------
Melee: Flail             |   101 |       |    12 |       ||   113
       Dagger            |    13 |    61 |    89 |       ||   163
       War axe           |       |       |   268 |       ||   268
       Mace              |       |       |     5 |    27 ||    32
 Fire: Hand crossbow     |       |       |     1 |       ||     1
Invok: Potion Petition   |       |       |       |     1 ||     1
Evoke: Wand              |       |       |     2 |       ||     2
  Use: Scroll            |       |       |     5 |     1 ||     6
       Potion            |       |       |       |     1 ||     1
Armor: Scale mail        |    66 |    16 |    19 |       ||   101
       Chain mail        |       |       |   174 |    14 ||   188
Dodge: Dodged            |    68 |    27 |   111 |    11 ||   217
Block: Buckler           |    36 |     8 |    25 |       ||    69
       Kite shield       |       |       |   122 |    22 ||   144
